Toronto Maple Leafs vs Edmonton Oilers
Created - Sunday, May 19, 2024 at 07:36
Goals
|
| Toronto Maple Leafs |
3 |
0 |
0 |
0 |
2 |
4 |
| Edmonton Oilers |
1 |
2 |
0 |
0 |
0 |
3 |
|
Shots
|
| Toronto Maple Leafs |
15 |
7 |
10 |
4 |
2 |
36 |
| Edmonton Oilers |
7 |
22 |
13 |
4 |
2 |
46 |
|
1st period
1. Toronto Maple Leafs , Troy Terry 30 (Brady Tkachuk 44, Sam Bennett 42) at 1:21 (PP)
2. Toronto Maple Leafs , Scott Laughton 21 (Cody Ceci 14) at 5:43
3. Toronto Maple Leafs , Brady Tkachuk 30 (Troy Terry 23) at 10:20
4. Edmonton Oilers , Brock Boeser 41 (Evan Bouchard 28, Blake Wheeler 21) at 17:43
Penalties :
Tanner Jeannot (EDM) for Hooking (Minor) at 1:10, Jacob Trouba (EDM) for Slashing (Minor) at 5:46, Adrian Kempe (EDM) for Tripping (Minor) at 11:24
2nd period
5. Edmonton Oilers , Blake Wheeler 15 (Jacob Trouba 6) at 2:36
6. Edmonton Oilers , Adrian Kempe 27 (Brandon Carlo 9, Brock Boeser 38) at 12:18 (PP)
Penalties :
David Perron (EDM) for Roughing (Minor) at 7:47, Jacob Trouba (EDM) for Roughing (Minor) at 8:31, Trevor Zegras (TOR) for Hooking (Minor) at 12:03, Warren Foegele (TOR) for Hooking (Minor) at 17:11
3rd period
No Goal
Penalties :
Boone Jenner (EDM) for Tripping (Minor) at 7:05, Scott Mayfield (EDM) for Fighting (Major) at 10:01, Troy Terry (TOR) for Fighting (Major) at 10:01, Dougie Hamilton (TOR) for Holding (Minor) at 12:20
Overtime #1
No Goal
Penalties :
No Penalty
Shootout
Toronto Maple Leafs, Brady Tkachuk - Goal!
Edmonton Oilers, Brock Boeser - Shot Misses the Net
Toronto Maple Leafs, Sam Bennett - Goal!
Edmonton Oilers, Boone Jenner - Stopped by Cam Talbot
Penalties :
No Penalty
Goalie Stats
Cam Talbot (TOR), 43 saves from 46 shots - (0.935), W, 34-19-3, 65:00 minutes
Matt Murray (EDM), 33 saves from 36 shots - (0.917), OTL, 1-6-1, 65:00 minutes
Players Stats for Toronto Maple Leafs
Player Name G A P +/- PIM S H SB GA TA FO MP PP MP PK MP
------------------------------------------------------------------------------------
Aaron Ekblad 0 0 0 0 0 4 2 1 1 0 0/0 29:15 5:16 2:40
Andrew Mangiapane 0 0 0 -1 0 3 1 0 0 0 0/0 12:46 0:21 0:00
Brady Tkachuk 1 1 2 1 0 5 0 0 0 1 4/6 21:28 3:23 2:34
Brandon Saad 0 0 0 1 0 0 2 1 1 0 0/0 22:08 5:07 0:08
Cody Ceci 0 1 1 0 0 5 1 1 0 2 0/0 29:08 5:16 2:40
Dougie Hamilton 0 0 0 1 2 0 0 1 1 0 0/0 24:42 3:35 0:19
Kyle Okposo 0 0 0 -1 0 0 0 0 1 0 0/0 6:45 0:00 0:00
Luke Schenn 0 0 0 -1 0 0 0 0 0 1 0/0 13:33 0:00 0:48
Mario Ferraro 0 0 0 -1 0 0 2 0 0 0 0/0 13:16 0:00 0:31
Nick Bjugstad 0 0 0 -1 0 1 0 0 1 0 1/2 7:50 0:21 0:00
Nicolas Roy 0 0 0 -1 0 5 2 0 1 0 2/7 11:52 0:21 0:00
Nino Niederreiter 0 0 0 -1 0 0 2 0 0 0 0/0 15:18 0:00 0:19
Ryan Pulock 0 0 0 1 0 1 0 2 0 1 0/0 23:11 3:35 1:28
Sam Bennett 0 1 1 1 0 1 2 0 0 1 10/24 19:46 3:23 2:34
Scott Laughton 1 0 1 1 0 3 0 0 0 2 6/18 21:39 5:07 1:31
Trevor Zegras 0 0 0 1 2 7 2 0 0 0 0/2 21:26 5:07 1:20
Troy Terry 1 1 2 1 5 1 1 1 0 0 0/0 14:39 3:23 0:00
Warren Foegele 0 0 0 -1 2 0 0 0 0 0 0/1 7:01 0:00 0:00
Players Stats for Edmonton Oilers
Player Name G A P +/- PIM S H SB GA TA FO MP PP MP PK MP
------------------------------------------------------------------------------------
Adrian Kempe 1 0 1 -1 2 4 0 0 1 0 2/6 20:23 1:20 2:44
Alex Iafallo 0 0 0 1 0 1 0 1 1 1 0/1 16:18 0:00 1:47
Blake Wheeler 1 1 2 2 0 6 1 0 0 0 6/10 12:08 0:00 0:00
Boone Jenner 0 0 0 -1 2 6 2 0 1 0 15/20 19:03 1:20 3:14
Brandon Carlo 0 1 1 0 0 0 0 2 0 1 0/0 25:50 2:57 4:48
Brett Pesce 0 0 0 0 0 0 1 4 0 0 0/0 15:58 0:00 0:00
Brock Boeser 1 1 2 0 0 12 2 0 1 0 2/8 19:37 1:20 4:15
David Perron 0 0 0 0 2 4 2 0 1 0 1/1 12:40 2:53 0:12
Dawson Mercer 0 0 0 -1 0 1 0 0 2 0 0/2 12:26 0:00 0:27
Derek Grant 0 0 0 -1 0 1 0 0 0 0 0/0 11:18 0:00 0:00
Evan Bouchard 0 1 1 0 0 2 1 2 0 0 0/0 25:02 1:16 4:03
Jacob Trouba 0 1 1 0 4 1 2 0 0 0 0/0 23:18 2:57 2:20
Jake DeBrusk 0 0 0 0 0 1 0 0 0 0 0/0 11:41 2:53 0:00
Jeff Carter 0 0 0 2 0 0 4 0 0 0 0/1 12:02 0:00 0:00
Mikael Backlund 0 0 0 0 0 5 0 0 1 0 11/11 20:52 2:53 3:48
Rasmus Ristolainen 0 0 0 0 0 1 2 1 0 3 0/0 23:38 1:16 4:03
Scott Mayfield 0 0 0 0 5 1 1 2 0 0 0/0 16:15 0:00 2:27
Tanner Jeannot 0 0 0 -1 2 0 3 0 0 1 0/0 11:18 0:00 0:00
3 Stars
1 - Blake Wheeler (EDM)
2 - Brady Tkachuk (TOR)
3 - Cam Talbot (TOR)
Power Play
Toronto Maple Leafs - 1 on 6 Attempt(s) - 16.67%
Edmonton Oilers - 1 on 3 Attempt(s) - 33.33%
Penalty Kill
Toronto Maple Leafs - 2 on 3 Attempt(s) - 66.67%
- Score 0 goal in Penalty Kill
Edmonton Oilers - 5 on 6 Attempt(s) - 83.33%
- Score 0 goal in Penalty Kill
Team Stat
Toronto Maple Leafs - Hits : 17 - Faceoff Wins : 23 - Blocked Shots : 7 - Penalty Minutes : 11
Edmonton Oilers - Hits : 21 - Faceoff Wins : 37 - Blocked Shots : 12 - Penalty Minutes : 17
Official
Referees : Gord Dwyer and Brad Watson
Linesman : Tony Sericolo and Mark Shewchyk
Game Notes
Troy Terry beats up Scott Mayfield at 10:01 of 3rd period
Finance
Level 1 -- Attendance: 5877 (97.95%) -- Ticket Income $528,930
Level 2 -- Attendance: 4820 (96.40%) -- Ticket Income $241,000
Level 3 -- Attendance: 2990 (99.67%) -- Ticket Income $89,700
Level 4 -- Attendance: 4844 (96.88%) -- Ticket Income $96,880
Luxury Box -- Attendance: 871 (87.10%) -- Ticket Income $165,490
Game was played at the Rexall Place.
Total Attendance: 19402 (97.01%)
Total Ticket Income: $1,122,000
Other Income: $392,700
Total Income: $1,514,700
Toronto Maple Leafs
5 vs 5 Forward
Center Left Wing Right Wing Time % Phy DF OF
1 Sam Bennett Brady Tkachuk Troy Terry 30 1 2 2
2 Scott Laughton Trevor Zegras Brandon Saad 30 1 2 2
3 Nicolas Roy Andrew Mangiapane Nino Niederreiter 25 1 2 2
4 Nick Bjugstad Warren Foegele Kyle Okposo 15 1 2 2
5 vs 5 Defense
Defense Defense Time % Phy DF OF
1 Aaron Ekblad Cody Ceci 30 1 2 2
2 Dougie Hamilton Ryan Pulock 30 1 2 2
3 Mario Ferraro Luke Schenn 25 1 2 2
4 Aaron Ekblad Cody Ceci 15 1 2 2
PowerPlay Forward
Center Left Wing Right Wing Time % Phy DF OF
1 Sam Bennett Brady Tkachuk Troy Terry 50 1 2 2
2 Scott Laughton Trevor Zegras Brandon Saad 50 1 2 2
PowerPlay Defense
Defense Defense Time % Phy DF OF
1 Aaron Ekblad Cody Ceci 50 1 2 2
2 Dougie Hamilton Ryan Pulock 50 1 2 2
Penalty Kill 4 Players Forward
Center Wing Time % Phy DF OF
1 Brady Tkachuk Sam Bennett 50 1 2 2
2 Scott Laughton Trevor Zegras 50 1 2 2
Penalty Kill 4 Players Defense
Defense Defense Time % Phy DF OF
1 Aaron Ekblad Cody Ceci 50 1 2 2
2 Dougie Hamilton Ryan Pulock 50 1 2 2
Penalty Kill - 3 Players Forward
Forward Time % Phy DF OF
1 Brady Tkachuk 50 1 2 2
2 Sam Bennett 50 1 2 2
Penalty Kill - 3 Players Defense
Defense Defense Time % Phy DF OF
1 Aaron Ekblad Cody Ceci 50 1 2 2
2 Dougie Hamilton Ryan Pulock 50 1 2 2
4 vs 4 Forward
Center Wing Time % Phy DF OF
1 Brady Tkachuk Sam Bennett 50 1 2 2
2 Scott Laughton Trevor Zegras 50 1 2 2
4 vs 4 Defense
Defense Defense Time % Phy DF OF
1 Aaron Ekblad Cody Ceci 50 1 2 2
2 Dougie Hamilton Ryan Pulock 50 1 2 2
Last Minutes Offensive
Center Left Wing Right Wing Defense Defense
Sam Bennett Brady Tkachuk Troy Terry Aaron Ekblad Cody Ceci
Last Minutes Defensive
Center Left Wing Right Wing Defense Defense
Sam Bennett Brady Tkachuk Troy Terry Aaron Ekblad Cody Ceci
Goaltenders
Starting : Cam Talbot
Backup : Frederik Andersen
Extra Forwards
Normal : Andrew Mangiapane, Nicolas Roy, Nino Niederreiter - PP : Andrew Mangiapane, Nicolas Roy - PK : Nino Niederreiter
Extra Defensemen
Normal : Mario Ferraro, Luke Schenn, Dougie Hamilton - PP : Mario Ferraro - PK : Luke Schenn, Dougie Hamilton
Penalty Shots
Brady Tkachuk, Sam Bennett, Scott Laughton, Trevor Zegras, Troy Terry
Edmonton Oilers
5 vs 5 Forward
Center Left Wing Right Wing Time % Phy DF OF
1 Boone Jenner Adrian Kempe Brock Boeser 30 1 2 2
2 Mikael Backlund Jake DeBrusk David Perron 30 1 2 2
3 Blake Wheeler Alex Iafallo Jeff Carter 25 1 2 2
4 Dawson Mercer Derek Grant Tanner Jeannot 15 1 2 2
5 vs 5 Defense
Defense Defense Time % Phy DF OF
1 Jacob Trouba Brandon Carlo 35 1 2 2
2 Evan Bouchard Rasmus Ristolainen 35 1 2 2
3 Brett Pesce Scott Mayfield 30 1 2 2
4 Jacob Trouba Brandon Carlo 0 1 2 2
PowerPlay Forward
Center Left Wing Right Wing Time % Phy DF OF
1 Boone Jenner Adrian Kempe Brock Boeser 50 1 2 2
2 Mikael Backlund Jake DeBrusk David Perron 50 1 2 2
PowerPlay Defense
Defense Defense Time % Phy DF OF
1 Jacob Trouba Brandon Carlo 50 1 2 2
2 Evan Bouchard Rasmus Ristolainen 50 1 2 2
Penalty Kill 4 Players Forward
Center Wing Time % Phy DF OF
1 Brock Boeser Boone Jenner 50 1 2 2
2 Adrian Kempe Mikael Backlund 50 1 2 2
Penalty Kill 4 Players Defense
Defense Defense Time % Phy DF OF
1 Jacob Trouba Brandon Carlo 50 1 2 2
2 Evan Bouchard Rasmus Ristolainen 50 1 2 2
Penalty Kill - 3 Players Forward
Forward Time % Phy DF OF
1 Brock Boeser 50 1 2 2
2 Boone Jenner 50 1 2 2
Penalty Kill - 3 Players Defense
Defense Defense Time % Phy DF OF
1 Jacob Trouba Brandon Carlo 50 1 2 2
2 Evan Bouchard Rasmus Ristolainen 50 1 2 2
4 vs 4 Forward
Center Wing Time % Phy DF OF
1 Brock Boeser Boone Jenner 50 1 2 2
2 Adrian Kempe Mikael Backlund 50 1 2 2
4 vs 4 Defense
Defense Defense Time % Phy DF OF
1 Jacob Trouba Brandon Carlo 50 1 2 2
2 Evan Bouchard Rasmus Ristolainen 50 1 2 2
Last Minutes Offensive
Center Left Wing Right Wing Defense Defense
Boone Jenner Adrian Kempe Brock Boeser Jacob Trouba Brandon Carlo
Last Minutes Defensive
Center Left Wing Right Wing Defense Defense
Boone Jenner Adrian Kempe Brock Boeser Jacob Trouba Brandon Carlo
Goaltenders
Starting : Matt Murray
Backup : Juuse Saros
Extra Forwards
Normal : Blake Wheeler, Jeff Carter, Alex Iafallo - PP : Blake Wheeler, Jeff Carter - PK : Alex Iafallo
Extra Defensemen
Normal : Brett Pesce, Scott Mayfield, Evan Bouchard - PP : Brett Pesce - PK : Scott Mayfield, Evan Bouchard
Penalty Shots
Brock Boeser, Boone Jenner, Adrian Kempe, Mikael Backlund, Jake DeBrusk
% Time on Ice - Toronto Maple Leafs
Lines # - Real PCT - Wanted PCT - Time Play
Normal Forward
1 - 27% - 30% - 12:32
2 - 38% - 30% - 17:41
3 - 21% - 25% - 9:58
4 - 14% - 15% - 6:45
Normal Defense
1 - 31% - 30% - 14:21
2 - 33% - 30% - 15:25
3 - 22% - 25% - 10:33
4 - 14% - 15% - 6:37
PP Forward
1 - 42% - 50% - 3:44
2 - 58% - 50% - 5:07
PP Defense
1 - 60% - 50% - 5:16
2 - 40% - 50% - 3:35
PK Forward
1 - 61% - 50% - 2:34
2 - 39% - 50% - 1:39
PK Defense
1 - 63% - 50% - 2:40
2 - 37% - 50% - 1:33
PK3 Forward
1 - 0% - 50%
2 - 0% - 50%
PK3 Defense
1 - 0% - 50%
2 - 0% - 50%
44 Forward
1 - 45% - 50% - 2:15
2 - 55% - 50% - 2:45
44 Defense
1 - 51% - 50% - 2:34
2 - 49% - 50% - 2:26
Last Minute Offensive - 0:00
Last Minute Defensive - 0:00
Total
Forward - 65:00
Defense - 65:00
|
% Time on Ice - Edmonton Oilers
Lines # - Real PCT - Wanted PCT - Time Play
Normal Forward
1 - 27% - 30% - 12:32
2 - 26% - 30% - 12:04
3 - 22% - 25% - 10:19
4 - 26% - 15% - 12:01
Normal Defense
1 - 33% - 35% - 15:40
2 - 34% - 35% - 15:52
3 - 33% - 30% - 15:24
4 - 0% - 0% - 0:00
PP Forward
1 - 32% - 50% - 1:20
2 - 68% - 50% - 2:53
PP Defense
1 - 70% - 50% - 2:57
2 - 30% - 50% - 1:16
PK Forward
1 - 50% - 50% - 3:48
2 - 50% - 50% - 3:48
PK Defense
1 - 55% - 50% - 4:13
2 - 45% - 50% - 3:23
PK3 Forward
1 - 53% - 50% - 0:40
2 - 47% - 50% - 0:35
PK3 Defense
1 - 47% - 50% - 0:35
2 - 53% - 50% - 0:40
44 Forward
1 - 58% - 50% - 2:53
2 - 42% - 50% - 2:07
44 Defense
1 - 57% - 50% - 2:50
2 - 43% - 50% - 2:10
Last Minute Offensive - 0:00
Last Minute Defensive - 0:00
Total
Forward - 65:00
Defense - 65:00
|
Play-by-Play
1st period
0:01 of 1st period - Boone Jenner wins face-off versus Sam Bennett in neutral zone.
1:10 of 1st period - Minor Penalty to Tanner Jeannot for Hooking.
1:11 of 1st period - Sam Bennett wins face-off versus Brock Boeser in Edmonton Oilers zone.
1:19 of 1st period - Wrist shot by Brady Tkachuk.
1:19 of 1st period - Stopped by Matt Murray with a rebound.
1:21 of 1st period - Snap shot by Troy Terry.
1:21 of 1st period - Goal by Troy Terry - Toronto Maple Leafs : 1 - Edmonton Oilers : 0.
1:22 of 1st period - Boone Jenner wins face-off versus Trevor Zegras in neutral zone.
1:36 of 1st period - Scott Mayfield is hit by Trevor Zegras and loses puck.
1:43 of 1st period - Luke Schenn is hit by Boone Jenner and loses puck.
1:54 of 1st period - Snap shot by Blake Wheeler.
1:54 of 1st period - Stopped by Cam Talbot without a rebound.
1:55 of 1st period - Sam Bennett wins face-off versus Blake Wheeler in Toronto Maple Leafs zone.
2:13 of 1st period - Sam Bennett is hit by Blake Wheeler and loses puck.
3:57 of 1st period - Snap shot by Derek Grant.
3:57 of 1st period - Stopped by Cam Talbot with a rebound.
4:33 of 1st period - Brock Boeser is hit by Mario Ferraro and loses puck.
5:43 of 1st period - Wrist shot by Scott Laughton.
5:43 of 1st period - Goal by Scott Laughton - Toronto Maple Leafs : 2 - Edmonton Oilers : 0.
5:44 of 1st period - Mikael Backlund wins face-off versus Sam Bennett in neutral zone.
5:46 of 1st period - Minor Penalty to Jacob Trouba for Slashing.
5:47 of 1st period - Adrian Kempe wins face-off versus Scott Laughton in Edmonton Oilers zone.
6:19 of 1st period - Wrist shot by Trevor Zegras.
6:19 of 1st period - Shot Blocked by Scott Mayfield.
6:21 of 1st period - Wrist shot by Ryan Pulock.
6:21 of 1st period - Stopped by Matt Murray without a rebound.
6:22 of 1st period - Sam Bennett wins face-off versus Adrian Kempe in Edmonton Oilers zone.
7:46 of 1st period - Penalty to Jacob Trouba is over, Jacob Trouba is back on ice.
8:17 of 1st period - Wrist shot by Nick Bjugstad.
8:17 of 1st period - Shot Blocked by Brett Pesce.
8:39 of 1st period - Snap shot by Dawson Mercer.
8:39 of 1st period - Shot Misses the Net.
8:41 of 1st period - Snap shot by David Perron.
8:41 of 1st period - Stopped by Cam Talbot with a rebound.
8:43 of 1st period - Snap shot by Mikael Backlund.
8:43 of 1st period - Stopped by Cam Talbot with a rebound.
9:21 of 1st period - Icing by Scott Laughton.
9:22 of 1st period - Blake Wheeler wins face-off versus Scott Laughton in Toronto Maple Leafs zone.
10:13 of 1st period - Evan Bouchard is hit by Troy Terry and loses puck.
10:20 of 1st period - Wrist shot by Brady Tkachuk.
10:20 of 1st period - Goal by Brady Tkachuk - Toronto Maple Leafs : 3 - Edmonton Oilers : 0.
10:21 of 1st period - Boone Jenner wins face-off versus Scott Laughton in neutral zone.
10:28 of 1st period - Snap shot by Trevor Zegras.
10:28 of 1st period - Stopped by Matt Murray with a rebound.
10:56 of 1st period - Backhand shot by Nicolas Roy.
10:56 of 1st period - Stopped by Matt Murray without a rebound.
10:57 of 1st period - Mikael Backlund wins face-off versus Sam Bennett in Edmonton Oilers zone.
11:10 of 1st period - Wrist shot by Mikael Backlund.
11:10 of 1st period - Shot Blocked by Ryan Pulock.
11:12 of 1st period - Snap shot by Mikael Backlund.
11:12 of 1st period - Stopped by Cam Talbot without a rebound.
11:13 of 1st period - Scott Laughton wins face-off versus Adrian Kempe in Toronto Maple Leafs zone.
11:22 of 1st period - Snap shot by Scott Laughton.
11:22 of 1st period - Shot Misses the Net.
11:24 of 1st period - Minor Penalty to Adrian Kempe for Tripping.
11:25 of 1st period - Sam Bennett wins face-off versus Brock Boeser in Edmonton Oilers zone.
11:30 of 1st period - Snap shot by Brady Tkachuk.
11:30 of 1st period - Shot Misses the Net.
11:58 of 1st period - Icing by Brandon Saad.
11:59 of 1st period - Scott Laughton wins face-off versus Alex Iafallo in Toronto Maple Leafs zone.
12:10 of 1st period - Snap shot by Brandon Saad.
12:10 of 1st period - Shot Blocked by Alex Iafallo.
12:12 of 1st period - Slapshot by Cody Ceci.
12:12 of 1st period - Stopped by Matt Murray with a rebound.
12:14 of 1st period - Wrist shot by Trevor Zegras.
12:14 of 1st period - Stopped by Matt Murray with a rebound.
12:16 of 1st period - Snap shot by Scott Laughton.
12:16 of 1st period - Shot Misses the Net.
12:18 of 1st period - Slapshot by Aaron Ekblad.
12:18 of 1st period - Shot Blocked by Brandon Carlo.
12:20 of 1st period - Slapshot by Aaron Ekblad.
12:20 of 1st period - Stopped by Matt Murray with a rebound.
13:24 of 1st period - Penalty to Adrian Kempe is over, Adrian Kempe is back on ice.
13:54 of 1st period - Slapshot by Adrian Kempe.
13:54 of 1st period - Shot Misses the Net.
14:12 of 1st period - Snap shot by Adrian Kempe.
14:12 of 1st period - Shot Blocked by Cody Ceci.
14:29 of 1st period - Slapshot by Trevor Zegras.
14:29 of 1st period - Stopped by Matt Murray with a rebound.
14:53 of 1st period - Alex Iafallo is hit by Aaron Ekblad and loses puck.
15:46 of 1st period - Snap shot by Trevor Zegras.
15:46 of 1st period - Stopped by Matt Murray with a rebound.
15:48 of 1st period - Snap shot by Brandon Saad.
15:48 of 1st period - Shot Misses the Net.
15:50 of 1st period - Slapshot by Cody Ceci.
15:50 of 1st period - Shot Misses the Net.
15:52 of 1st period - Slapshot by Aaron Ekblad.
15:52 of 1st period - Stopped by Matt Murray with a rebound.
15:54 of 1st period - Slapshot by Cody Ceci.
15:54 of 1st period - Stopped by Matt Murray with a rebound.
16:26 of 1st period - Slapshot by Scott Laughton.
16:26 of 1st period - Stopped by Matt Murray with a rebound.
16:36 of 1st period - Wrist shot by Brandon Saad.
16:36 of 1st period - Shot Misses the Net.
16:38 of 1st period - Slapshot by Aaron Ekblad.
16:38 of 1st period - Deflect By Brandon Saad.
16:38 of 1st period - Shot Blocked by Brandon Carlo.
16:38 of 1st period - Puck is out of play.
16:39 of 1st period - Sam Bennett wins face-off versus Dawson Mercer in Edmonton Oilers zone.
17:37 of 1st period - Wrist shot by Blake Wheeler.
17:37 of 1st period - Shot Misses the Net.
17:39 of 1st period - Backhand shot by Blake Wheeler.
17:39 of 1st period - Stopped by Cam Talbot with a rebound.
17:41 of 1st period - Slapshot by Evan Bouchard.
17:41 of 1st period - Shot Misses the Net.
17:43 of 1st period - Wrist shot by Brock Boeser.
17:43 of 1st period - Goal by Brock Boeser - Toronto Maple Leafs : 3 - Edmonton Oilers : 1.
17:44 of 1st period - Brady Tkachuk wins face-off versus Dawson Mercer in neutral zone.
18:40 of 1st period - Slapshot by Boone Jenner.
18:40 of 1st period - Shot Misses the Net.
18:54 of 1st period - Jeff Carter is hit by Mario Ferraro and loses puck.
19:13 of 1st period - Dougie Hamilton is hit by David Perron and loses puck.
Goals for this period are 3 for Toronto Maple Leafs vs 1 for Edmonton Oilers.
Shots for this period are 15 for Toronto Maple Leafs vs 7 for Edmonton Oilers.
2nd period
0:01 of 2nd period - Sam Bennett wins face-off versus Blake Wheeler in neutral zone.
0:26 of 2nd period - Nicolas Roy is hit by Brock Boeser and loses puck.
2:11 of 2nd period - Wrist shot by Blake Wheeler.
2:11 of 2nd period - Stopped by Cam Talbot without a rebound.
2:12 of 2nd period - Nick Bjugstad wins face-off versus Blake Wheeler in Toronto Maple Leafs zone.
2:12 of 2nd period - Nick Bjugstad is hit by Jeff Carter.
2:36 of 2nd period - Wrist shot by Blake Wheeler.
2:36 of 2nd period - Goal by Blake Wheeler - Toronto Maple Leafs : 3 - Edmonton Oilers : 2.
2:37 of 2nd period - Boone Jenner wins face-off versus Sam Bennett in neutral zone.
2:50 of 2nd period - Slapshot by Boone Jenner.
2:50 of 2nd period - Deflect By Brock Boeser.
2:50 of 2nd period - Stopped by Cam Talbot without a rebound.
2:51 of 2nd period - Blake Wheeler wins face-off versus Nicolas Roy in Toronto Maple Leafs zone.
3:00 of 2nd period - Wrist shot by Nicolas Roy.
3:00 of 2nd period - Stopped by Matt Murray without a rebound.
3:01 of 2nd period - Nicolas Roy wins face-off versus Jeff Carter in Edmonton Oilers zone.
3:08 of 2nd period - Backhand shot by Nicolas Roy.
3:08 of 2nd period - Stopped by Matt Murray with a rebound.
3:10 of 2nd period - Slapshot by Aaron Ekblad.
3:10 of 2nd period - Shot Blocked by Brett Pesce.
3:50 of 2nd period - Snap shot by Nicolas Roy.
3:50 of 2nd period - Shot Misses the Net.
3:56 of 2nd period - Wrist shot by Andrew Mangiapane.
3:56 of 2nd period - Stopped by Matt Murray with a rebound.
3:58 of 2nd period - Snap shot by Cody Ceci.
3:58 of 2nd period - Shot Misses the Net.
4:00 of 2nd period - Snap shot by Andrew Mangiapane.
4:00 of 2nd period - Shot Misses the Net.
4:02 of 2nd period - Snap shot by Nicolas Roy.
4:02 of 2nd period - Deflect By Andrew Mangiapane.
4:02 of 2nd period - Shot Misses the Net.
4:02 of 2nd period - Puck is out of play.
4:03 of 2nd period - Sam Bennett wins face-off versus Boone Jenner in Edmonton Oilers zone.
4:20 of 2nd period - Brock Boeser is hit by Sam Bennett and loses puck.
4:41 of 2nd period - Wrist shot by David Perron.
4:41 of 2nd period - Shot Misses the Net.
4:57 of 2nd period - Slapshot by Evan Bouchard.
4:57 of 2nd period - Deflect By Ryan Pulock.
4:57 of 2nd period - Stopped by Cam Talbot without a rebound.
4:58 of 2nd period - Boone Jenner wins face-off versus Sam Bennett in Toronto Maple Leafs zone.
5:09 of 2nd period - Snap shot by Brock Boeser.
5:09 of 2nd period - Stopped by Cam Talbot with a rebound.
5:21 of 2nd period - Brock Boeser is hit by Sam Bennett and loses puck.
5:30 of 2nd period - Wrist shot by Brock Boeser.
5:30 of 2nd period - Deflect By Adrian Kempe.
5:30 of 2nd period - Shot Blocked by Troy Terry.
5:30 of 2nd period - Puck is out of play.
5:31 of 2nd period - Nicolas Roy wins face-off versus Blake Wheeler in Toronto Maple Leafs zone.
6:06 of 2nd period - Snap shot by Brandon Saad.
6:06 of 2nd period - Shot Misses the Net.
6:08 of 2nd period - Slapshot by Cody Ceci.
6:08 of 2nd period - Stopped by Matt Murray without a rebound.
6:09 of 2nd period - Boone Jenner wins face-off versus Sam Bennett in Edmonton Oilers zone.
6:39 of 2nd period - Off-side.
6:40 of 2nd period - Blake Wheeler wins face-off versus Scott Laughton in neutral zone.
6:42 of 2nd period - Off-side.
6:43 of 2nd period - Scott Laughton wins face-off versus Boone Jenner in neutral zone.
7:10 of 2nd period - Sam Bennett is hit by Jeff Carter and loses puck.
7:29 of 2nd period - Snap shot by Troy Terry.
7:29 of 2nd period - Deflect By Andrew Mangiapane.
7:29 of 2nd period - Stopped by Matt Murray with a rebound.
7:47 of 2nd period - Minor Penalty to David Perron for Roughing.
7:48 of 2nd period - Sam Bennett wins face-off versus Brock Boeser in Edmonton Oilers zone.
7:49 of 2nd period - Snap shot by Brady Tkachuk.
7:49 of 2nd period - Stopped by Matt Murray with a rebound.
8:31 of 2nd period - Minor Penalty to Jacob Trouba for Roughing.
8:32 of 2nd period - Sam Bennett wins face-off versus Brock Boeser in Edmonton Oilers zone.
9:33 of 2nd period - Cody Ceci is hit by Evan Bouchard and loses puck.
9:47 of 2nd period - Penalty to David Perron is over, David Perron is back on ice.
10:31 of 2nd period - Penalty to Jacob Trouba is over, Jacob Trouba is back on ice.
11:35 of 2nd period - Luke Schenn is hit by Scott Mayfield and loses puck.
12:03 of 2nd period - Minor Penalty to Trevor Zegras for Hooking.
12:04 of 2nd period - Brady Tkachuk wins face-off versus Boone Jenner in Toronto Maple Leafs zone.
12:04 of 2nd period - Brady Tkachuk is hit by Boone Jenner.
12:14 of 2nd period - Wrist shot by Brock Boeser.
12:14 of 2nd period - Stopped by Cam Talbot with a rebound.
12:16 of 2nd period - Slapshot by Brandon Carlo.
12:16 of 2nd period - Shot Misses the Net.
12:18 of 2nd period - Slapshot by Adrian Kempe.
12:18 of 2nd period - Goal by Adrian Kempe - Toronto Maple Leafs : 3 - Edmonton Oilers : 3.
12:19 of 2nd period - Boone Jenner wins face-off versus Sam Bennett in neutral zone.
12:33 of 2nd period - Snap shot by Brock Boeser.
12:33 of 2nd period - Shot Misses the Net.
12:35 of 2nd period - Slapshot by Jacob Trouba.
12:35 of 2nd period - Shot Misses the Net.
12:45 of 2nd period - Jake DeBrusk is hit by Cody Ceci and loses puck.
13:08 of 2nd period - Snap shot by Tanner Jeannot.
13:08 of 2nd period - Shot Hit the Post.
13:57 of 2nd period - Snap shot by Jake DeBrusk.
13:57 of 2nd period - Shot Blocked by Dougie Hamilton.
14:15 of 2nd period - Snap shot by Boone Jenner.
14:15 of 2nd period - Stopped by Cam Talbot with a rebound.
14:17 of 2nd period - Wrist shot by Adrian Kempe.
14:17 of 2nd period - Stopped by Cam Talbot with a rebound.
14:19 of 2nd period - Slapshot by Boone Jenner.
14:19 of 2nd period - Stopped by Cam Talbot with a rebound.
14:21 of 2nd period - Backhand shot by Evan Bouchard.
14:21 of 2nd period - Deflect By Boone Jenner.
14:21 of 2nd period - Shot Misses the Net.
14:21 of 2nd period - Puck is out of play.
14:22 of 2nd period - Boone Jenner wins face-off versus Trevor Zegras in Toronto Maple Leafs zone.
14:37 of 2nd period - Snap shot by Adrian Kempe.
14:37 of 2nd period - Shot Misses the Net.
14:49 of 2nd period - Brady Tkachuk is hit by Jeff Carter and loses puck.
15:22 of 2nd period - Wrist shot by David Perron.
15:22 of 2nd period - Stopped by Cam Talbot without a rebound.
15:23 of 2nd period - Boone Jenner wins face-off versus Scott Laughton in Toronto Maple Leafs zone.
15:26 of 2nd period - Snap shot by Boone Jenner.
15:26 of 2nd period - Deflect By Trevor Zegras.
15:26 of 2nd period - Stopped by Cam Talbot without a rebound.
15:27 of 2nd period - Scott Laughton wins face-off versus Boone Jenner in Toronto Maple Leafs zone.
15:29 of 2nd period - Aaron Ekblad is hit by Brock Boeser and loses puck.
15:34 of 2nd period - Slapshot by Brock Boeser.
15:34 of 2nd period - Stopped by Cam Talbot with a rebound.
15:36 of 2nd period - Wrist shot by Brock Boeser.
15:36 of 2nd period - Stopped by Cam Talbot with a rebound.
15:42 of 2nd period - Slapshot by Brock Boeser.
15:42 of 2nd period - Stopped by Cam Talbot with a rebound.
15:44 of 2nd period - Wrist shot by Boone Jenner.
15:44 of 2nd period - Stopped by Cam Talbot with a rebound.
15:56 of 2nd period - Wrist shot by Blake Wheeler.
15:56 of 2nd period - Stopped by Cam Talbot without a rebound.
15:57 of 2nd period - Blake Wheeler wins face-off versus Sam Bennett in Toronto Maple Leafs zone.
16:04 of 2nd period - Slapshot by Sam Bennett.
16:04 of 2nd period - Shot Misses the Net.
16:39 of 2nd period - Adrian Kempe is hit by Nicolas Roy and loses puck.
17:11 of 2nd period - Minor Penalty to Warren Foegele for Hooking.
17:12 of 2nd period - Mikael Backlund wins face-off versus Brady Tkachuk in Toronto Maple Leafs zone.
17:22 of 2nd period - Wrist shot by David Perron.
17:22 of 2nd period - Shot Misses the Net.
17:24 of 2nd period - Snap shot by Rasmus Ristolainen.
17:24 of 2nd period - Deflect By David Perron.
17:24 of 2nd period - Stopped by Cam Talbot without a rebound.
17:25 of 2nd period - Mikael Backlund wins face-off versus Scott Laughton in Toronto Maple Leafs zone.
17:28 of 2nd period - Slapshot by Jake DeBrusk.
17:28 of 2nd period - Deflect By Scott Laughton.
17:28 of 2nd period - Stopped by Cam Talbot with a rebound.
18:02 of 2nd period - Snap shot by David Perron.
18:02 of 2nd period - Shot Misses the Net.
18:04 of 2nd period - Slapshot by Jake DeBrusk.
18:04 of 2nd period - Shot Misses the Net.
18:29 of 2nd period - Snap shot by Mikael Backlund.
18:29 of 2nd period - Shot Misses the Net.
18:35 of 2nd period - Wrist shot by Mikael Backlund.
18:35 of 2nd period - Stopped by Cam Talbot with a rebound.
18:37 of 2nd period - Slapshot by Jake DeBrusk.
18:37 of 2nd period - Shot Misses the Net.
19:03 of 2nd period - Slapshot by Mikael Backlund.
19:03 of 2nd period - Stopped by Cam Talbot with a rebound.
19:05 of 2nd period - Wrist shot by Jacob Trouba.
19:05 of 2nd period - Stopped by Cam Talbot without a rebound.
19:06 of 2nd period - Scott Laughton wins face-off versus Boone Jenner in Toronto Maple Leafs zone.
19:11 of 2nd period - Penalty to Warren Foegele is over, Warren Foegele is back on ice.
19:54 of 2nd period - Wrist shot by Nick Bjugstad.
19:54 of 2nd period - Stopped by Matt Murray with a rebound.
Goals for this period are 0 for Toronto Maple Leafs vs 2 for Edmonton Oilers.
Shots for this period are 7 for Toronto Maple Leafs vs 22 for Edmonton Oilers.
3rd period
0:01 of 3rd period - Mikael Backlund wins face-off versus Sam Bennett in neutral zone.
0:33 of 3rd period - Wrist shot by Trevor Zegras.
0:33 of 3rd period - Shot Blocked by Brett Pesce.
0:35 of 3rd period - Snap shot by Scott Laughton.
0:35 of 3rd period - Deflect By Brandon Saad.
0:35 of 3rd period - Shot Misses the Net.
0:35 of 3rd period - Puck is out of play.
0:36 of 3rd period - Boone Jenner wins face-off versus Sam Bennett in Edmonton Oilers zone.
0:40 of 3rd period - Off-side.
0:41 of 3rd period - Sam Bennett wins face-off versus Adrian Kempe in neutral zone.
1:30 of 3rd period - Alex Iafallo is hit by Nicolas Roy and loses puck.
1:53 of 3rd period - Wrist shot by Troy Terry.
1:53 of 3rd period - Shot Blocked by Rasmus Ristolainen.
2:10 of 3rd period - Icing by Brett Pesce.
2:11 of 3rd period - Boone Jenner wins face-off versus Nick Bjugstad in Edmonton Oilers zone.
2:18 of 3rd period - Backhand shot by Brock Boeser.
2:18 of 3rd period - Stopped by Cam Talbot with a rebound.
2:20 of 3rd period - Slapshot by Scott Mayfield.
2:20 of 3rd period - Stopped by Cam Talbot without a rebound.
2:21 of 3rd period - Mikael Backlund wins face-off versus Sam Bennett in Toronto Maple Leafs zone.
2:55 of 3rd period - Snap shot by Trevor Zegras.
2:55 of 3rd period - Stopped by Matt Murray without a rebound.
2:56 of 3rd period - Blake Wheeler wins face-off versus Nicolas Roy in Edmonton Oilers zone.
3:49 of 3rd period - Slapshot by Alex Iafallo.
3:49 of 3rd period - Shot Misses the Net.
3:57 of 3rd period - Slapshot by Dougie Hamilton.
3:57 of 3rd period - Shot Misses the Net.
4:09 of 3rd period - Wrist shot by Trevor Zegras.
4:09 of 3rd period - Shot Misses the Net.
4:20 of 3rd period - Wrist shot by Alex Iafallo.
4:20 of 3rd period - Shot Blocked by Brandon Saad.
4:22 of 3rd period - Wrist shot by Blake Wheeler.
4:22 of 3rd period - Stopped by Cam Talbot with a rebound.
4:28 of 3rd period - Snap shot by Trevor Zegras.
4:28 of 3rd period - Stopped by Matt Murray with a rebound.
4:38 of 3rd period - Wrist shot by Scott Laughton.
4:38 of 3rd period - Shot Misses the Net.
4:44 of 3rd period - Snap shot by Alex Iafallo.
4:44 of 3rd period - Stopped by Cam Talbot without a rebound.
4:45 of 3rd period - Mikael Backlund wins face-off versus Sam Bennett in Toronto Maple Leafs zone.
5:14 of 3rd period - Brett Pesce is hit by Nino Niederreiter and loses puck.
5:57 of 3rd period - Slapshot by Brady Tkachuk.
5:57 of 3rd period - Stopped by Matt Murray with a rebound.
5:59 of 3rd period - Snap shot by Brady Tkachuk.
5:59 of 3rd period - Shot Misses the Net.
6:01 of 3rd period - Wrist shot by Cody Ceci.
6:01 of 3rd period - Stopped by Matt Murray without a rebound.
6:02 of 3rd period - Boone Jenner wins face-off versus Nicolas Roy in Edmonton Oilers zone.
6:09 of 3rd period - Snap shot by Brock Boeser.
6:09 of 3rd period - Stopped by Cam Talbot with a rebound.
6:15 of 3rd period - Snap shot by Adrian Kempe.
6:15 of 3rd period - Deflect By Brock Boeser.
6:15 of 3rd period - Shot Misses the Net.
6:15 of 3rd period - Puck is out of play.
6:16 of 3rd period - Mikael Backlund wins face-off versus Sam Bennett in Toronto Maple Leafs zone.
6:21 of 3rd period - Snap shot by David Perron.
6:21 of 3rd period - Stopped by Cam Talbot with a rebound.
6:50 of 3rd period - Troy Terry is hit by Rasmus Ristolainen and loses puck.
7:05 of 3rd period - Minor Penalty to Boone Jenner for Tripping.
7:06 of 3rd period - Brock Boeser wins face-off versus Scott Laughton in Edmonton Oilers zone.
9:05 of 3rd period - Penalty to Boone Jenner is over, Boone Jenner is back on ice.
9:31 of 3rd period - Slapshot by Nicolas Roy.
9:31 of 3rd period - Stopped by Matt Murray with a rebound.
9:39 of 3rd period - Slapshot by Andrew Mangiapane.
9:39 of 3rd period - Shot Blocked by Evan Bouchard.
9:48 of 3rd period - Snap shot by Nick Bjugstad.
9:48 of 3rd period - Deflect By Andrew Mangiapane.
9:48 of 3rd period - Stopped by Matt Murray without a rebound.
9:49 of 3rd period - Mikael Backlund wins face-off versus Brady Tkachuk in Edmonton Oilers zone.
10:01 of 3rd period - Troy Terry beats up Scott Mayfield.
10:01 of 3rd period - Penalty to Scott Mayfield for Fighting.
10:01 of 3rd period - Penalty to Troy Terry for Fighting.
10:02 of 3rd period - Mikael Backlund wins face-off versus Scott Laughton in neutral zone.
10:05 of 3rd period - Cody Ceci is hit by David Perron and loses puck.
10:12 of 3rd period - Slapshot by David Perron.
10:12 of 3rd period - Shot Blocked by Aaron Ekblad.
10:14 of 3rd period - Slapshot by Brett Pesce.
10:14 of 3rd period - Deflect By David Perron.
10:14 of 3rd period - Deflect By Aaron Ekblad.
10:14 of 3rd period - Shot Misses the Net.
10:14 of 3rd period - Puck is out of play.
10:15 of 3rd period - Mikael Backlund wins face-off versus Scott Laughton in Toronto Maple Leafs zone.
10:26 of 3rd period - Slapshot by Aaron Ekblad.
10:26 of 3rd period - Stopped by Matt Murray with a rebound.
10:28 of 3rd period - Slapshot by Scott Laughton.
10:28 of 3rd period - Stopped by Matt Murray without a rebound.
10:29 of 3rd period - Boone Jenner wins face-off versus Nicolas Roy in Edmonton Oilers zone.
10:38 of 3rd period - Snap shot by Brock Boeser.
10:38 of 3rd period - Stopped by Cam Talbot without a rebound.
10:39 of 3rd period - Boone Jenner wins face-off versus Nicolas Roy in Toronto Maple Leafs zone.
10:48 of 3rd period - Snap shot by Brock Boeser.
10:48 of 3rd period - Stopped by Cam Talbot with a rebound.
10:50 of 3rd period - Snap shot by Boone Jenner.
10:50 of 3rd period - Stopped by Cam Talbot with a rebound.
11:06 of 3rd period - Slapshot by Boone Jenner.
11:06 of 3rd period - Stopped by Cam Talbot without a rebound.
11:07 of 3rd period - David Perron wins face-off versus Sam Bennett in Toronto Maple Leafs zone.
11:34 of 3rd period - Evan Bouchard is hit by Brandon Saad and loses puck.
11:51 of 3rd period - Wrist shot by Aaron Ekblad.
11:51 of 3rd period - Stopped by Matt Murray with a rebound.
11:53 of 3rd period - Slapshot by Cody Ceci.
11:53 of 3rd period - Shot Blocked by Evan Bouchard.
11:55 of 3rd period - Slapshot by Cody Ceci.
11:55 of 3rd period - Shot Misses the Net.
11:57 of 3rd period - Slapshot by Cody Ceci.
11:57 of 3rd period - Stopped by Matt Murray with a rebound.
11:59 of 3rd period - Slapshot by Aaron Ekblad.
11:59 of 3rd period - Shot Blocked by Brett Pesce.
12:20 of 3rd period - Minor Penalty to Dougie Hamilton for Holding.
12:21 of 3rd period - Boone Jenner wins face-off versus Scott Laughton in Toronto Maple Leafs zone.
12:21 of 3rd period - Backhand shot by Brock Boeser.
12:21 of 3rd period - Stopped by Cam Talbot with a rebound.
12:47 of 3rd period - Ryan Pulock is hit by Jacob Trouba and loses puck.
14:20 of 3rd period - Penalty to Dougie Hamilton is over, Dougie Hamilton is back on ice.
14:50 of 3rd period - Nino Niederreiter is hit by Tanner Jeannot and loses puck.
15:03 of 3rd period - Dawson Mercer is hit by Brandon Saad and loses puck.
15:10 of 3rd period - Nino Niederreiter is hit by Rasmus Ristolainen and loses puck.
15:23 of 3rd period - Wrist shot by Dawson Mercer.
15:23 of 3rd period - Stopped by Cam Talbot with a rebound.
15:47 of 3rd period - Dougie Hamilton is hit by Jacob Trouba and loses puck.
16:15 of 3rd period - Cody Ceci is hit by Tanner Jeannot and loses puck.
17:08 of 3rd period - Brett Pesce is hit by Nino Niederreiter and loses puck.
17:19 of 3rd period - Snap shot by Dougie Hamilton.
17:19 of 3rd period - Shot Blocked by Scott Mayfield.
17:25 of 3rd period - Brady Tkachuk is hit by Brett Pesce.
17:41 of 3rd period - Snap shot by Derek Grant.
17:41 of 3rd period - Shot Blocked by Ryan Pulock.
17:43 of 3rd period - Slapshot by Rasmus Ristolainen.
17:43 of 3rd period - Deflect By Dougie Hamilton.
17:43 of 3rd period - Stopped by Cam Talbot with a rebound.
17:49 of 3rd period - Snap shot by Dawson Mercer.
17:49 of 3rd period - Shot Misses the Net.
17:51 of 3rd period - Slapshot by Scott Mayfield.
17:51 of 3rd period - Shot Misses the Net.
18:07 of 3rd period - Nino Niederreiter is hit by Tanner Jeannot and loses puck.
18:16 of 3rd period - Wrist shot by Dawson Mercer.
18:16 of 3rd period - Shot Misses the Net.
19:07 of 3rd period - Off-side.
19:08 of 3rd period - Blake Wheeler wins face-off versus Warren Foegele in neutral zone.
Goals for this period are 0 for Toronto Maple Leafs vs 0 for Edmonton Oilers.
Shots for this period are 10 for Toronto Maple Leafs vs 13 for Edmonton Oilers.
Overtime #1
0:01 of 1st overtime period - Brady Tkachuk wins face-off versus Brock Boeser in neutral zone.
0:10 of 1st overtime period - Snap shot by Sam Bennett.
0:10 of 1st overtime period - Shot Misses the Net.
0:14 of 1st overtime period - Wrist shot by Brady Tkachuk.
0:14 of 1st overtime period - Shot Misses the Net.
0:16 of 1st overtime period - Wrist shot by Brady Tkachuk.
0:16 of 1st overtime period - Stopped by Matt Murray without a rebound.
0:17 of 1st overtime period - Adrian Kempe wins face-off versus Scott Laughton in Edmonton Oilers zone.
0:20 of 1st overtime period - Snap shot by Trevor Zegras.
0:20 of 1st overtime period - Stopped by Matt Murray without a rebound.
0:21 of 1st overtime period - Scott Laughton wins face-off versus Adrian Kempe in Edmonton Oilers zone.
0:34 of 1st overtime period - Wrist shot by Adrian Kempe.
0:34 of 1st overtime period - Stopped by Cam Talbot with a rebound.
0:36 of 1st overtime period - Snap shot by Mikael Backlund.
0:36 of 1st overtime period - Shot Misses the Net.
0:44 of 1st overtime period - Evan Bouchard is hit by Trevor Zegras and loses puck.
0:57 of 1st overtime period - Wrist shot by Adrian Kempe.
0:57 of 1st overtime period - Stopped by Cam Talbot with a rebound.
0:59 of 1st overtime period - Snap shot by Evan Bouchard.
0:59 of 1st overtime period - Stopped by Cam Talbot with a rebound.
1:01 of 1st overtime period - Snap shot by Rasmus Ristolainen.
1:01 of 1st overtime period - Shot Misses the Net.
1:03 of 1st overtime period - Snap shot by Mikael Backlund.
1:03 of 1st overtime period - Stopped by Cam Talbot without a rebound.
1:04 of 1st overtime period - Brady Tkachuk wins face-off versus Brock Boeser in Toronto Maple Leafs zone.
1:09 of 1st overtime period - Slapshot by Aaron Ekblad.
1:09 of 1st overtime period - Deflect By Sam Bennett.
1:09 of 1st overtime period - Stopped by Matt Murray with a rebound.
2:33 of 1st overtime period - Snap shot by Nicolas Roy.
2:33 of 1st overtime period - Stopped by Matt Murray with a rebound.
3:25 of 1st overtime period - Cody Ceci is hit by Jeff Carter and loses puck.
4:02 of 1st overtime period - Alex Iafallo is hit by Andrew Mangiapane and loses puck.
4:12 of 1st overtime period - Icing by David Perron.
4:13 of 1st overtime period - Brock Boeser wins face-off versus Scott Laughton in Edmonton Oilers zone.
4:26 of 1st overtime period - Mikael Backlund is hit by Aaron Ekblad and loses puck.
Goals for this period are 0 for Toronto Maple Leafs vs 0 for Edmonton Oilers.
Shots for this period are 4 for Toronto Maple Leafs vs 4 for Edmonton Oilers.
ShootOut
5:00 of 1st overtime period - Round #1.
5:00 of 1st overtime period - Toronto Maple Leafs, Brady Tkachuk.
5:00 of 1st overtime period - Deke by Brady Tkachuk.
5:00 of 1st overtime period - Goal by Brady Tkachuk.
5:00 of 1st overtime period - Edmonton Oilers, Brock Boeser.
5:00 of 1st overtime period - Wrist shot by Brock Boeser.
5:00 of 1st overtime period - Shot Misses the Net.
5:00 of 1st overtime period - Round #2.
5:00 of 1st overtime period - Toronto Maple Leafs, Sam Bennett.
5:00 of 1st overtime period - Deke by Sam Bennett.
5:00 of 1st overtime period - Goal by Sam Bennett.
5:00 of 1st overtime period - Edmonton Oilers, Boone Jenner.
5:00 of 1st overtime period - Backhand shot by Boone Jenner.
5:00 of 1st overtime period - Stopped by Cam Talbot.
5:00 of 1st overtime period - Round #3.
Back to the Top